 Dungeon Crawl Stone Soup version 0.29.1-2-gbd0b4ee654 (webtiles) character file.

Game seed: 581783404397728563

35 croobank the Trooper (level 3, -2/33 HPs)
             Began as a Hill Orc Fighter on Nov 18, 2022.
             Slain by a hobgoblin
             ... wielding a +0 hand axe
             ... led by Robin
              (3 damage)
             ... on level 2 of the Dungeon.
             The game lasted 00:02:34 (1470 turns).

croobank the Trooper (Hill Orc Fighter)             Turns: 1470, Time: 00:02:34

Health: -2/33      AC:  7    Str: 18    XL:     3   Next: 35%
Magic:  3/3        EV:  9    Int:  8    God:
Gold:   42         SH:  4    Dex: 12    Spells: 2/2 levels left

rFire   . . .      SeeInvis .   a - +0 war axe
rCold   . . .      Faith    .   c - +0 buckler
rNeg    . . .      Spirit   .   b - +0 scale mail
rPois   .          Reflect  .   (no helmet)
rElec   .          Harm     .   (no cloak)
rCorr   .          Rampage  .   (no gloves)
Will    .....                   (no boots)
Stlth   ..........              (no amulet)
HPRegen 0.11/turn               (no ring)
MPRegen 0.08/turn               (no ring)

@: invisible
A: no striking features
a: no special abilities


You were on level 2 of the Dungeon.
You visited 1 branch of the dungeon, and saw 2 of its levels.

You collected 42 gold pieces.

Inventory:

Hand Weapons
 a - a +0 war axe (weapon)
Armour
 b - a +0 scale mail (worn)
 c - a +0 buckler (worn)
 h - a +0 kite shield
Scrolls
 i - a scroll of butterflies {unknown}
 k - a scroll of enchant weapon {unknown}
 l - a scroll of blinking {unknown}
 m - a scroll of brand weapon {unknown}
 n - a scroll of amnesia {unknown}
 o - a scroll of identify {unknown}
Potions
 d - a potion of might
 e - a potion of ambrosia {unknown}
 f - a potion of invisibility
 g - a potion of mutation {unknown}
 j - a potion of flight {unknown}


   Skills:
 + Level 4.1 Fighting
 + Level 3.3 Axes
 + Level 3.7 Armour
 + Level 3.7 Shields


You had 2 spell levels left.
You didn't know any spells.
Your spell library was empty.

Dungeon Overview and Level Annotations

Branches:
Dungeon (2/15)

Altars:

Annotations:
D:2 Robin


Message History

The goblins go into a battle-frenzy!
The goblin hits you but does no damage. x2
You miss the goblin.
The goblin is severely wounded.
You hit the goblin.
You kill the goblin!
You barely miss the goblin. Robin throws the goblin at you!
The goblin hits you with a +0 club.
A goblin comes into view. It is wielding a +0 club.
The goblin hits you with a +0 dagger. The goblin hits you but does no damage.
You barely miss the goblin.
The goblin is severely wounded.
You miss the goblin. You closely miss the goblin.
Robin throws the goblin at you! The goblin hits you with a +0 club.
The goblin closely misses you. The goblin hits you but does no damage.
You block the goblin's attack.
The hobgoblin hits you with a +0 hand axe.
You block the goblin's attack. The goblin hits you with a +0 club.
You are too injured to fight recklessly!
You are too injured to fight recklessly!
You are too injured to fight recklessly!
The goblin attacks as you move away! The goblin hits you with a +0 club.
You see here a +0 club.
You hit the goblin.
The goblin is moderately wounded.
You hit Robin but do no damage. You barely miss the hobgoblin.
Robin closely misses you.
The hobgoblin hits you with a +0 hand axe.
* * * LOW HITPOINT WARNING * * *
The goblin closely misses you.
Okay, then.
Okay, then.
It was a potion of invisibility.
You fade into invisibility!
Robin hits you with a +1 dagger of flaming.
* * * LOW HITPOINT WARNING * * *
Robin burns you.
* * * LOW HITPOINT WARNING * * *
The hobgoblin hits you with a +0 hand axe.
You die...

## ..#(.# # #.#..#.# ###
#.#<.#.## .... #.#......
#..####g.....##
#.....gg.g.....
#.##..@rggg...#
#.##.##gg#....
#.##....## . #
########.##.#### .
#.........#....#
.###.########.†##.#
..##.#######..###.######
#.##.##......## #......#
<....##.###### ######.#


You could see Robin (unable to see you), 2 hobgoblins, 6 goblins and a rat
(unable to see you).

Vanquished Creatures
  6 ball pythons
  3 endoplasms (D:1)
  A giant cockroach (D:1)
  4 goblins
  4 hobgoblins
  2 kobolds (D:1)
  2 quokkas (D:1)
  2 bats
  A frilled lizard (D:1)
  6 rats
31 creatures vanquished.

Notes
Turn   | Place    | Note
-------+----------+-------------------------------------------
     0 | D:1      | croobank the Hill Orc Fighter began the quest for the Orb.
     0 | D:1      | Reached XP level 1. HP: 19/19 MP: 1/1
    92 | D:1      | Reached XP level 2. HP: 22/27 MP: 2/2
   269 | D:1      | Found a faded altar of an unknown god.
   829 | D:1      | Reached skill level 4 in Fighting
  1006 | D:1      | Reached XP level 3. HP: 29/33 MP: 3/3
  1460 | D:2      | Noticed Robin
  1470 | D:2      | HP: 1/33 [Robin/+1 dagger of flaming (1)]
  1470 | D:2      | Slain by a hobgoblin

Illustrated notes

Levels and vault maps discovered:
D:1:      saegor_arrival_simple_a, layout_loops_corners, serial_forest,
          infiniplex_forest_clump_medium, infiniplex_forest_zigzag_2,
          infiniplex_forest_clump_diagonal, infiniplex_forest_corner_1,
          infiniplex_forest_clump_double, infiniplex_forest_corner_2,
          basic_ecumenical_altar
D:2:      layout_basic, basic_altar, uniq_robin

Skill      XL: |  1  2 |
---------------+-------+-----
Axes           | 3 |  3.3
Fighting       | 4 |  4.1
Armour         | |  3.7
Shields        | |  3.7

Action                   || total
-------------------------++-------
Melee: War axe           ||    84
  Use: Potion            ||     1
Armor: Scale mail        ||    34
Dodge: Dodged            ||    51
Block: Buckler           ||    27
